 Dungeon Crawl Stone Soup version 0.30.0-29-ga12c61a403 (webtiles) character file.

Game seed: 14775808134487127450

75 Dadbod the Covered (level 4, 0/28 HPs)
             Began as a Tengu Fighter on June 24, 2023.
             Slain by an orc wizard
             ... wielding a +0 dagger
              (4 damage)
             ... on level 3 of the Dungeon.
             The game lasted 00:15:01 (1826 turns).

Dadbod the Covered (Tengu Fighter)                  Turns: 1826, Time: 00:15:01

Health: 0/28       AC:  9    Str: 19    XL:     4   Next: 31%
Magic:  5/5        EV:  9    Int:  8    God:
Gold:   99         SH:  0    Dex: 13    Spells: 3/3 levels left

rFire   . . .        a - +0 flail
rCold   . . .        c - +0 buckler
rNeg    . . .        b - +1 scale mail
rPois   .            (helmet restricted)
rElec   .            (no cloak)
rCorr   .            f - +0 pair of gloves
SInv    .            (boots unavailable)
Will    .....        (no amulet) Stlth
                     (no ring)
HPRegen 0.24/turn    (no ring)
MPRegen 0.09/turn

%: no passive effects
@: confused
A: beak, talons 3
a: no special abilities


You were on level 3 of the Dungeon.
You visited 1 branch of the dungeon, and saw 3 of its levels.

You collected 99 gold pieces.

Inventory:

Hand Weapons
 a - a +0 flail (weapon)
Missiles
 j - 14 poisoned darts (quivered)
 k - 21 stones
Armour
 b - a +1 scale mail (worn)
 c - a +0 buckler (worn)
 f - a +0 pair of gloves (worn)
Scrolls
 e - 3 scrolls of immolation {unknown}
 g - 2 scrolls of poison
 h - a scroll of magic mapping {unknown}
 i - a scroll of identify
 l - a scroll of teleportation {unknown}
Potions
 d - 2 potions of might


   Skills:
 + Level 3.6 Fighting
 + Level 2.7 Maces & Flails
 + Level 4.3 Armour
 + Level 0.4 Dodging
 + Level 3.3 Shields


You had 3 spell levels left.
You didn't know any spells.
Your spell library was empty.

Dungeon Overview and Level Annotations

Branches:
Dungeon (3/15)

Altars:


Innate Abilities, Weirdness & Mutations

You have a beak for a mouth.
You have claws for feet.


Message History

Something hits you but does no damage.
You're too confused to move!
You hear some strange, mumbled words.
Something tries to affect you, but you resist.
The orc wizard barely misses you.
You completely miss the orc wizard. Something hits you but does no damage.
The orc wizard hits you but does no damage. x2
Something hits you but does no damage.
You closely miss the orc wizard. Your kick misses the orc wizard.
The orc wizard gestures wildly while chanting.
The orc wizard flickers and vanishes!
You hear some strange, mumbled words.
A magic dart appears from out of thin air!
The magic dart hits you.
* * * LOW HITPOINT WARNING * * *
You bump into the rock wall.
You hear some strange, mumbled words.
You are more confused.
Something hits you but does no damage.
You completely miss something.
Something hits you but does no damage. x2
You closely miss something. Your kick misses something.
Something hits you but does no damage.
You hear some strange, mumbled words.
A magic dart appears from out of thin air!
The magic dart hits you but does no damage.
Something hits you but does no damage. Something completely misses you.
You closely miss something. Your kick misses something. Something hits you.
* * * LOW HITPOINT WARNING * * *
Something hits you but does no damage.
You miss something. Something hits you but does no damage.
You hear some strange, mumbled words.
A magic dart appears from out of thin air!
The magic dart hits you.
* * * LOW HITPOINT WARNING * * *
You bump into the rock wall.
You hear some strange, mumbled words.
Something tries to affect you, but you resist.
Something completely misses you.
You bump into the rock wall.
Something hits you.
You die...

#.############.............#
..........<....###########.#
...#######.###.###########.#
#..# ......#.............#
...................>########
##.................†....#
#.###.....########.....# #.#
#####.########.##### #.#
#.##...@{.)# #....{).#
#..............
#..............
#..............
#.......####### .........#
##..<.!...# ##.#####.#


There were no monsters in sight!

Vanquished Creatures
  4 adders (D:3)
  A worm (D:3)
  3 orcs (D:3)
  2 ball pythons (D:1)
  2 endoplasms (D:1)
  2 giant cockroaches
  2 goblins (D:1)
  2 hobgoblins (D:1)
  3 kobolds (D:1)
  A quokka (D:1)
  4 bats
  4 frilled lizards (D:1)
  2 rats
32 creatures vanquished.

Notes
Turn   | Place    | Note
-------+----------+-------------------------------------------
     0 | D:1      | Dadbod the Tengu Fighter began the quest for the Orb.
     0 | D:1      | Reached XP level 1. HP: 14/14 MP: 2/2
   282 | D:1      | Reached XP level 2. HP: 19/19 MP: 3/3
  1180 | D:2      | Reached XP level 3. HP: 23/23 MP: 4/4
  1624 | D:3      | Reached skill level 4 in Armour
  1689 | D:3      | Reached XP level 4. HP: 24/28 MP: 5/5
  1826 | D:3      | Slain by an orc wizard

Illustrated notes

Levels and vault maps discovered:
D:1:      ncdulo_smallfort, layout_loops_ring
D:2:      minmay_alternating_diamond, layout_basic, chequers_jeans
D:3:      layout_basic

Skill      XL: |  1  2  3 |
---------------+----------+-----
Armour         | 4 |  4.3
Fighting       | |  3.6
Maces & Flails | |  2.7
Dodging        | |  0.4
Shields        | |  3.3

Action                     |  1- 3 |  4- 6 || total
---------------------------+-------+-------++-------
  Melee: Flail             |    82 |    17 ||    99
         Kick              |    13 |     3 ||    16
         Peck              |     8 |     1 ||     9
  Throw: Dart              |     1 |       ||     1
    Use: Scroll            |     3 |       ||     3
 Armour: Scale mail        |    67 |    28 ||    95
  Dodge: Dodged            |    51 |    14 ||    65
  Block: Buckler           |    24 |     6 ||    30
